Map: Dusk Towers

Players

LilDicky

  • Race: Terran Terran
  • League: Diamond

drunkenfuryz - Winner!

  • Race: Terran Terran
  • League: Diamond

VOD

http://www.twitch.tv/tumescentpie

Description

Time

  • Played on: Nov. 27, 2015, 12:11 a.m.
  • Length: 3:55
Show
View Real Time Build Order
Export as new Build Order

LilDicky Terran 

Build Orders:  

Get SALT Encoding   

  12  0:01  SCV  
  13  0:13  SCV  
  14  0:17  Supply Depot  
  14  0:25  SCV  
  15  0:33  Refinery  
  15  0:39  SCV  
  16  0:44  Barracks  
  16  0:51  SCV  
  17  1:03  SCV  
  18  1:08  Barracks  
  18  1:15  SCV  
  19  1:23  Barracks  
  19  1:28  SCV  
  20  1:33  Reaper  
  21  1:41  Orbital Command  
  21  1:47  Refinery  
  21  1:55  Reaper  
  22  2:05  Reaper  
  22  2:06  Supply Depot  
  23  2:24  SCV, Reaper  
  23  2:27  Reaper  
  26  2:36  SCV  
  27  2:37  Reaper  
  28  2:56  Command Center, Reaper  
  28  2:57  SCV  
  30  3:05  Reaper  
  31  3:09  SCV  
  31  3:10  Reaper  
  33  3:13  Supply Depot  
  33  3:25  SCV  
  34  3:28  Supply Depot  
  35  3:37  SCV  
Show
View Real Time Build Order
Export as new Build Order

drunkenfuryz Terran - Winner!

Build Orders:  

Get SALT Encoding   

  12  0:01  SCV  
  13  0:13  SCV  
  14  0:17  Supply Depot  
  14  0:25  SCV  
  15  0:39  SCV  
  15  0:40  Barracks  
  16  0:46  Refinery  
  16  0:51  SCV  
  17  1:03  SCV  
  18  1:15  SCV  
  19  1:28  Orbital Command  
  19  1:29  Marine  
  19  1:30  Supply Depot  
  20  1:35  Refinery  
  20  1:47  Marine  
  20  1:49  Factory  
  21  1:56  SCV  
  22  2:06  Marine  
  22  2:08  SCV  
  23  2:20  SCV  
  23  2:21  Bunker  
  24  2:25  Marine  
  25  2:33  SCV  
  25  2:34  Starport  
  25  2:35  Factory Tech Lab  
  26  2:44  Supply Depot  
  26  2:45  Marine  
  27  2:54  Siege Tank  
  27  2:56  SCV  
  31  3:05  Marine  
  32  3:10  SCV  
  33  3:14  Starport Tech Lab  
  33  3:23  Marine  
  34  3:30  Command Center  
  34  3:33  SCV  
  38  3:54  Supply Depot  
Tags
 
Add a new tag
Caveats
  • Supply blocks, unpowered buildings, or Contaminate may cause inaccurate times.
  • Supply counts are checked every 10 seconds.